AoeStats
← HR Pinkman

African Clearing

506756471Analyzed
4v4 RM · 17d ago on Sep 15, 2026· 66m 27s· 8 players
Game mode
Random Map
Map size
Large (8 player)
Population
200
Speed
Normal
Resources
Standard
Victory
Conquest
Starting age
Dark Age
Ending age
Imperial Age
RankedLock teamsTeams togetherTeam positionsShared explorationLock speedFull tech treeHidden civsTurbo modeCheats
Victory
Defeat
🇨🇱 Georgians · Chile
1863
+8
🇨🇱 Huns · Chile
1833
+9
🇨🇱 Mongols · Chile
1816
+9
🇨🇱 Koreans · Chile
1645
+17
🇧🇷 Spanish · Brazil
1726
-13
🇨🇦 Huns · Canada
1650
-10
🇧🇷 Berbers · Brazil
1639
-10
🇧🇷 Chinese · Brazil
1637
-10
HR Fast_PIG
11:28 Loom
13:39 Feudal Age
18:40 Castle Age
17:24 Fletching
17:23 Double-Bit Axe
19:36 Fletching
19:35 Fishing Lines
21:38 Bodkin Arrow
25:56 Bow Saw
30:33 Gold Mining
32:00 Ballistics
32:25 Wheelbarrow
36:06 Gold Shaft Mining
40:28 Imperial Age
38:34 Hand Cart
39:14 Scale Mail Armor
39:24 Forging
40:34 Chain Mail Armor
40:09 Pikeman
41:39 Iron Casting
41:06 Squires
40:59 Halberdier
43:06 Plate Mail Armor
43:48 Bracer
45:01 Gambesons
46:30 Horse Collar
48:31 Two-Man Saw
47:51 Arrowslits
49:06 Chemistry
51:32 Treadmill Crane
52:02 Masonry
52:39 Town Watch
58:30 Arson
61:34 Fortified Wall
61:55 Architecture
61:21 Murder Holes
62:23 Capped Ram
63:34 Capped Ram
64:24 Heavy Plow
HR itu
13:04 Feudal Age
12:23 Loom
17:12 Castle Age
15:43 Double-Bit Axe
17:44 Fletching
18:28 Bow Saw
18:47 Bodkin Arrow
22:11 Horse Collar
24:14 Wheelbarrow
24:26 Town Watch
26:30 Padded Archer Armor
28:36 Bloodlines
29:43 Hand Cart
29:49 Husbandry
31:18 Thumb Ring
32:35 Leather Archer Armor
33:44 Gold Mining
37:35 Imperial Age
35:50 Gold Shaft Mining
36:47 Scale Barding Armor
38:06 Chain Barding Armor
37:41 Cavalier
39:43 Conscription
39:22 Paladin
40:55 Plate Barding Armor
42:33 Forging
43:37 Light Cavalry
46:44 Hussar
51:17 Bracer
52:19 Chemistry
51:40 Ballistics
53:09 Two-Man Saw
52:53 Iron Casting
52:52 Heavy Plow
54:38 Blast Furnace
58:47 Stone Mining
59:48 Coinage
59:29 Guilds
62:09 Caravan
HR Pinkman
8:22 Loom
11:29 Feudal Age
12:07 Double-Bit Axe
19:10 Castle Age
17:56 Fletching
19:00 Bloodlines
18:44 Horse Collar
21:27 Husbandry
28:59 Wheelbarrow
28:37 Bow Saw
30:14 Bodkin Arrow
32:37 Heavy Plow
33:47 Hand Cart
37:12 Imperial Age
35:15 Padded Archer Armor
36:30 Leather Archer Armor
37:32 Ballistics
37:16 Town Watch
37:13 Elite Skirmisher
37:58 Thumb Ring
38:21 Parthian Tactics
37:57 Bracer
38:58 Chemistry
37:57 Stone Mining
38:21 Gold Mining
39:37 Elite Mangudai
41:31 Scale Barding Armor
41:37 Forging
40:50 Light Cavalry
42:17 Conscription
43:40 Coinage
42:34 Cavalier
42:38 Hussar
43:55 Iron Casting
43:53 Masonry
43:48 Siege Engineers
44:07 Chain Barding Armor
46:24 Blast Furnace
53:32 Gold Shaft Mining
54:41 Banking
54:55 Drill
55:42 Capped Ram
59:31 Siege Ram
61:17 Caravan
65:02 Hoardings
HR AboKeiTo
10:28 Feudal Age
13:08 Double-Bit Axe
13:04 Horse Collar
14:52 Loom
19:01 Wheelbarrow
23:14 Castle Age
25:49 Bow Saw
29:26 Horse Collar
30:33 Heavy Plow
32:12 Hand Cart
32:56 Svan Towers
33:26 Fletching
33:27 Guard Tower
34:48 Gold Mining
37:51 Imperial Age
35:41 Stone Mining
36:16 Masonry
35:57 Treadmill Crane
36:13 Bodkin Arrow
38:33 Ballistics
38:56 Siege Engineers
38:54 Onager
40:38 Keep
40:48 Bracer
43:27 Chemistry
44:18 Murder Holes
46:47 Architecture
50:10 Stone Shaft Mining
49:11 Pikeman
49:52 Squires
53:02 Scale Mail Armor
53:12 Forging
56:20 Chain Mail Armor
56:40 Iron Casting
56:41 Halberdier
59:00 Plate Mail Armor
61:28 Iron Casting
62:39 Caravan
63:10 Coinage
62:50 Guilds
65:24 Siege Onager
Fs.BlinkAoE
10:59 Loom
13:14 Feudal Age
17:54 Castle Age
16:04 Double-Bit Axe
17:04 Fletching
19:17 Bodkin Arrow
21:09 Padded Archer Armor
21:46 Wheelbarrow
24:42 Horse Collar
26:01 Husbandry
28:10 Ballistics
31:39 Leather Archer Armor
31:37 Bow Saw
32:05 Bloodlines
33:06 Heavy Plow
33:48 Thumb Ring
33:58 Town Watch
38:55 Imperial Age
36:39 Scale Barding Armor
37:52 Chain Barding Armor
37:34 Marauders
39:00 Forging
38:57 Capped Ram
38:59 Elite Tarkan
40:26 Iron Casting
41:01 Plate Barding Armor
40:50 Siege Ram
42:31 Blast Furnace
42:14 Bracer
44:00 Hand Cart
46:31 Pikeman
47:11 Squires
47:12 Scale Mail Armor
47:26 Caravan
47:02 Light Cavalry
47:38 Gold Mining
47:38 Stone Mining
48:57 Elite Genitour
50:05 Hussar
51:30 Chain Mail Armor
53:35 Arson
55:23 Chemistry
55:42 Parthian Tactics
59:14 Halberdier
62:00 Heavy Cavalry Archer
65:18 Two-Man Saw
Fs.Diablo
6:26 Loom
13:50 Feudal Age
18:21 Castle Age
17:00 Double-Bit Axe
16:56 Horse Collar
18:59 Gold Mining
23:22 Heavy Plow
23:36 Bow Saw
28:21 Wheelbarrow
28:22 Padded Archer Armor
35:20 Imperial Age
33:13 Scale Barding Armor
34:04 Forging
34:15 Chain Barding Armor
35:34 Iron Casting
35:53 Bloodlines
35:44 Husbandry
36:00 Cavalier
37:17 Plate Barding Armor
37:04 Heavy Plow
40:09 Blast Furnace
39:41 Paladin
44:05 Two-Man Saw
43:27 Hand Cart
43:29 Town Watch
44:22 Pikeman
45:03 Squires
44:49 Arson
45:05 Scale Mail Armor
45:36 Fletching
46:02 Chain Mail Armor
45:57 Halberdier
46:23 Gambesons
46:52 Stone Mining
47:25 Conscription
47:40 Hoardings
48:58 Light Cavalry
49:35 Bodkin Arrow
50:10 Plate Mail Armor
50:09 Leather Archer Armor
50:15 Ballistics
50:56 Chemistry
50:57 Coinage
50:27 Caravan
50:38 Guilds
50:44 Thumb Ring
50:02 Elite Genitour
53:19 Bracer
53:49 Ring Archer Armor
53:32 Masonry
54:02 Banking
55:58 Supremacy
61:57 Capped Ram
63:38 Siege Ram
Fs.Nx Imperial
9:11 Loom
11:28 Feudal Age
12:26 Double-Bit Axe
23:32 Castle Age
21:50 Horse Collar
22:32 Bloodlines
23:31 Scale Barding Armor
26:52 Chain Barding Armor
28:54 Husbandry
29:01 Fletching
29:58 Forging
34:11 Bodkin Arrow
37:14 Wheelbarrow
36:51 Bow Saw
38:28 Iron Casting
42:05 Ballistics
41:47 Padded Archer Armor
47:08 Imperial Age
45:47 Leather Archer Armor
45:45 Masonry
49:21 Bracer
48:46 Heavy Camel Rider
52:17 Chemistry
53:16 Conscription
52:57 Light Cavalry
53:12 Elite Camel Archer
55:31 Elite Genitour
56:44 Ring Archer Armor
58:27 Caravan
60:04 Thumb Ring
63:46 Hand Cart
65:23 Blast Furnace
Fs.Kawan
2:55 Loom
11:25 Feudal Age
15:49 Castle Age
14:14 Double-Bit Axe
16:52 Bow Saw
22:11 Town Watch
23:56 Wheelbarrow
23:29 Fletching
27:07 Hand Cart
27:39 Bodkin Arrow
27:44 Padded Archer Armor
29:13 Horse Collar
31:10 Scale Barding Armor
31:16 Forging
33:41 Imperial Age
31:48 Bloodlines
31:39 Husbandry
32:37 Chain Barding Armor
32:43 Heavy Plow
33:58 Iron Casting
34:03 Cavalier
35:19 Plate Barding Armor
35:32 Ballistics
35:49 Plate Barding Armor
36:42 Blast Furnace
37:56 Bracer
37:57 Padded Archer Armor
42:13 Coinage
41:34 Elite Genitour
42:33 Leather Archer Armor
44:12 Caravan
45:20 Ring Archer Armor
45:10 Thumb Ring
45:04 Light Cavalry
48:07 Pikeman
48:49 Squires
48:18 Pikeman
49:54 Halberdier
50:35 Scale Mail Armor
54:28 Banking
59:23 Chain Mail Armor
61:07 Elite Fire Lancer
63:08 Plate Mail Armor
Connection lost

Rejoining the realm…

Still unreachable

The connection could not be restored.

Session expired

The server has moved on; the page needs a fresh start.